Map: Nightshade LE

Players

ViBE

  • Race: Protoss Protoss
  • League: Platinum
  • Spawn Location: 11:00

Laserpatty - Winner!

  • Race: Zerg Zerg
  • League: Platinum
  • Spawn Location: 5:00

VOD

Have the link to the VOD?

Description

Time

  • Played on: Dec. 11, 2019, 11 p.m.
  • Length: 9:01
Show
View Real Time Build Order
Export as new Build Order

ViBE Protoss 

Build Orders: 1 Gate Expand, Archon Immortal 

Get SALT Encoding   

  12  0:00  Probe  
  13  0:12  Probe  
  14  0:19  Pylon  
  14  0:25  Probe  
  15  0:38  Probe (Chrono Boost)  
  15  0:42  Gateway  
  16  0:48  Assimilator  
  17  0:50  Probe (Chrono Boost)  
  17  0:55  Probe (Chrono Boost)  
  18  1:04  Probe  
  19  1:16  Probe  
  20  1:29  Probe  
  21  1:35  Nexus  
  21  1:41  Cybernetics Core  
  21  1:42  Probe  
  22  1:50  Pylon  
  22  1:53  Assimilator  
  22  2:02  Probe  
  23  2:14  Probe  
  24  2:26  Probe (Chrono Boost)  
  24  2:27  Warp Gate, Stalker  
  27  2:38  Probe (Chrono Boost)  
  28  2:47  Probe (Chrono Boost), Gateway  
  28  2:50  Probe (Chrono Boost)  
  30  2:53  Probe  
  31  3:01  Probe  
  31  3:05  Probe  
  33  3:12  Robotics Facility  
  33  3:13  Probe  
  33  3:17  Sentry  
  33  3:18  Probe (Chrono Boost)  
  37  3:25  Probe (Chrono Boost)  
  38  3:30  Probe (Chrono Boost)  
  38  3:31  Assimilator  
  38  3:32  Assimilator  
  40  3:35  Probe (Chrono Boost)  
  40  3:37  Probe (Chrono Boost)  
  40  3:40  Probe (Chrono Boost)  
  41  3:42  Stalker  
  41  3:43  Probe  
  45  3:57  Nexus  
  45  4:12  Probe, Pylon  
  45  4:15  Pylon  
  46  4:19  Pylon  
  46  4:30  Probe, Immortal  
  51  4:31  Stalker  
  51  4:33  Stalker  
  51  4:35  Probe  
  56  4:42  Probe (Chrono Boost)  
  57  4:47  Probe (Chrono Boost)  
  58  4:54  Probe (Chrono Boost)  
  58  4:59  Probe (Chrono Boost)  
  60  5:01  Forge x2  
  60  5:03  Probe (Chrono Boost), Forge  
  60  5:04  Probe (Chrono Boost)  
  60  5:05  Twilight Council  
  62  5:08  Probe  
  62  5:09  Probe  
  62  5:12  Immortal  
  62  5:14  Probe (Chrono Boost)  
  70  5:21  Probe x2 (Chrono Boost), Stalker x2  
  70  5:26  Probe (Chrono Boost)  
  76  5:32  Probe x2 (Chrono Boost)  
  76  5:33  Pylon  
  76  5:35  Probe (Chrono Boost)  
  79  5:36  Protoss Ground Weapons Level 1 (Chrono Boost), Protoss Ground Armor Level 1 (Chrono Boost)  
  79  5:37  Probe x2 (Chrono Boost), Protoss Shields Level 1 (Chrono Boost)  
  81  5:44  Charge  
  81  5:46  Probe  
  81  5:47  Probe  
  83  5:57  Gateway  
  83  5:59  Gateway  
  83  6:00  Probe x2  
  83  6:01  Probe  
  83  6:02  Assimilator  
  86  6:04  Assimilator  
  86  6:08  Immortal  
  90  6:20  Probe x3  
  90  6:23  Pylon  
  93  6:26  Pylon  
  93  6:29  Pylon  
  93  6:41  Probe x3  
  93  6:42  Zealot x2  
  100  6:52  Gateway  
  100  6:53  Probe x3  
  103  6:54  Gateway  
  103  6:56  Gateway  
  103  6:58  Templar Archives  
  103  7:00  Gateway  
  103  7:01  Gateway  
  103  7:05  Probe x3, Gateway  
  103  7:06  Pylon  
  106  7:10  Pylon  
  106  7:12  Observer  
  107  7:17  Probe x3, Nexus  
  107  7:21  Pylon  
  109  7:23  Pylon  
  109  7:26  Zealot x2  
  109  7:27  Zealot  
  109  7:28  Zealot  
  109  7:29  Probe x3  
  116  7:32  Immortal (Chrono Boost)  
  94  7:49  High Templar x4  
  89  7:51  Probe  
  89  7:52  Probe x2, Zealot x2  
  89  7:53  Zealot  
  89  7:54  Archon x2  
  89  7:57  Zealot  
  89  7:58  Zealot  
  100  7:59  Zealot  
  100  8:04  Probe x3  
  88  8:16  Probe x3  
  89  8:28  Probe x2  
  89  8:29  Gateway  
  89  8:30  Gateway  
  91  8:35  High Templar  
  91  8:36  High Templar x3  
  91  8:37  High Templar x2  
  91  8:38  Zealot x4  
  91  8:41  Archon x3  
  111  8:46  Probe x2  
  111  8:47  Probe  
Show
View Real Time Build Order
Export as new Build Order

Laserpatty Zerg - Winner!

Build Orders: Hatch First 

Get SALT Encoding   

  12  0:01  Drone  
  13  0:13  Overlord  
  13  0:28  Drone  
  13  0:32  Drone  
  15  0:37  Drone  
  16  0:55  Hatchery  
  15  1:02  Drone  
  16  1:12  Extractor  
  16  1:15  Spawning Pool  
  14  1:19  Drone  
  14  1:23  Drone  
  16  1:32  Drone x2  
  18  1:51  Drone  
  18  1:52  Overlord  
  19  2:06  Queen  
  19  2:07  Queen  
  23  2:16  Metabolic Boost  
  23  2:20  Zergling x2  
  24  2:42  Hatchery  
  23  2:47  Drone x2  
  23  2:48  Drone  
  26  2:56  Drone  
  26  2:57  Drone x2  
  29  3:04  Queen  
  31  3:09  Drone  
  32  3:21  Drone x2  
  32  3:22  Drone x2  
  36  3:28  Overlord x2  
  36  3:38  Overlord  
  36  3:40  Lair  
  36  3:48  Drone x2  
  36  3:49  Drone x2  
  40  3:57  Drone x2  
  40  4:00  Drone x2  
  40  4:01  Drone x2  
  46  4:05  Extractor  
  46  4:09  Drone x4  
  48  4:13  Drone  
  49  4:22  Drone x3  
  52  4:32  Drone x3, Roach Warren  
  52  4:34  Drone x2  
  52  4:36  Evolution Chamber  
  52  4:37  Drone x2  
  57  4:39  Evolution Chamber  
  57  4:52  Drone  
  57  4:53  Drone x2  
  57  4:57  Drone x3  
  57  4:58  Extractor  
  57  4:59  Extractor  
  60  5:00  Drone x3  
  60  5:01  Overlord  
  60  5:02  Overlord  
  60  5:03  Extractor x2  
  61  5:07  Zerg Missile Weapons Level 1  
  61  5:11  Glial Reconstitution  
  61  5:14  Drone x3  
  64  5:15  Drone  
  64  5:16  Overlord  
  65  5:25  Drone x3  
  65  5:26  Drone x3  
  71  5:32  Drone  
  71  5:34  Overlord  
  72  5:36  Zerg Ground Armor Level 1  
  72  5:37  Roach  
  72  5:42  Zergling x6  
  77  5:52  Roach x6  
  77  5:55  Hatchery  
  88  6:01  Queen  
  90  6:05  Overlord x2  
  90  6:07  Roach x3  
  96  6:20  Overlord x4  
  96  6:27  Roach x6  
  108  6:34  Roach  
  108  6:35  Roach  
  112  6:44  Roach x7  
  126  6:56  Roach  
  126  6:57  Roach x5  
  126  6:59  Overlord x3  
  138  7:11  Overlord x3  
  138  7:18  Drone x5  
  122  7:43  Roach x3  
  122  7:44  Roach x5  
  122  7:45  Roach x5  
  130  7:58  Roach x8  
  142  7:59  Roach x5  
  142  8:17  Roach x3  
  142  8:18  Roach x5  
  154  8:26  Hydralisk Den  
  153  8:28  Infestation Pit  
  152  8:34  Roach  
  152  8:35  Roach x11  
  168  8:51  Extractor  
  168  8:52  Extractor  
Tags
 
Add a new tag
Caveats
  • Supply blocks, unpowered buildings, or Contaminate may cause inaccurate times.
  • Supply counts are checked every 10 seconds.